 Dungeon Crawl Stone Soup version 0.20.1-1-g8b1a95d (webtiles) character file.

486162 Gargoyl the Hoplite (level 23, -24/216 HPs)
             Began as a Minotaur Abyssal Knight on Aug 22, 2017.
             Was a High Priest of Lugonu.
             Killed from afar by an ancient lich (85 damage)
             ... with a crystal spear
             ... on level 4 of the Vaults on Aug 23, 2017.
             The game lasted 02:49:01 (67271 turns).

Gargoyl the Hoplite (Minotaur Abyssal Knight)      Turns: 67271, Time: 02:49:01

Health: -24/216    AC: 34    Str: 29 (30) XL:     23   Next: 50%
Magic:  35/35      EV: 16    Int:  6      God:    Lugonu [*****.]
Gold:   4995       SH: 30    Dex: 17      Spells: 22/22 levels left

rFire    + . .     SeeInvis +   g - +9 hand axe (elec)
rCold    + + +     Gourm    .   n - +0 large shield of Hysteria {Str+6}
rNeg     + . .     Faith    .   m - +0 chain mail "Valain" {rC+ rN+ Str+3 Int-3}
rPois    +         Spirit   .   e - +2 hat
rElec    +         Reflect  +   Q - +2 cloak of the Elven Halls {rPois rCorr Slay+3}
rCorr    +         Harm     .   f - +2 pair of gloves
MR       ++...     Clarity  +   U - +1 pair of boots
Stlth    ..........             K - amulet "Pailix" {Reflect rPois rC++ Dex+3 SH+3}
Regen    0.5/turn               t - ring of see invisible
MPRegen  0.3/turn               P - ring "Hoejaex" {rElec rF+}

@: no status effects
A: retaliatory headbutt, beak, horns 2, rugged brown scales 1, slimy green
scales 1, yellow scales 1, blink, clarity, clumsy 1, cold resistance 1, magic
resistance 1, MP-powered wands
}: 3/15 runes: barnacled, abyssal, gossamer
a: Blink, Depart the Abyss, Bend Space, Banish, Corrupt, Enter the Abyss,
Renounce Religion


You were on level 4 of the Vaults.
You worshipped Lugonu.
Lugonu was extremely pleased with you.
You were not hungry.

You visited 7 branches of the dungeon, and saw 39 of its levels.
You visited the Abyss 8 times.
You also visited: Labyrinth, Bailey, Ice Cave, Wizlab and Desolation.

You collected 4995 gold pieces.

Inventory:

Hand Weapons
 g - a +9 hand axe of electrocution (weapon)
 p - a +2 broad axe of flaming
 x - a +3 broad axe
Missiles
 A - 79 javelins (quivered)
Armour
 e - a +2 hat (worn)
 f - a +2 pair of gloves (worn)
 m - the +0 chain mail "Valain" (worn) {rC+ rN+ Str+3 Int-3}
   (You found it in a labyrinth)

   It affects your strength (+3).
   It affects your intelligence (-3).
   It protects you from cold.
   It protects you from negative energy.
 n - the +0 large shield of Hysteria (worn) {Str+6}
   (You found it in a labyrinth)

   It affects your strength (+6).
 Q - the +2 cloak of the Elven Halls (worn) {rPois rCorr Slay+3}
   (You found it on level 3 of the Elven Halls)

   It affects your accuracy and damage with ranged weapons and melee attacks
   (+3).
   It protects you from poison.
   It protects you from acid and corrosion.
 U - a +1 pair of boots (worn)
Jewellery
 a - an uncursed ring of protection from magic
 h - an uncursed ring of positive energy
 t - a ring of see invisible (left hand)
 u - an uncursed ring of protection from cold
 v - a +6 ring of protection
 C - an uncursed ring of protection from magic
 G - an uncursed ring of positive energy
 J - an uncursed amulet of regeneration
 K - the amulet "Pailix" (around neck) {Reflect rPois rC++ Dex+3 SH+3}
   (You found it on level 3 of the Elven Halls)

   [amulet of reflection]

   It shields you and reflects attacks.
   It affects your dexterity (+3).
   It greatly protects you from cold.
   It protects you from poison.
   It affects your SH (+3).
 P - the ring "Hoejaex" (right hand) {rElec rF+}
   (You found it on level 6 of the Lair of Beasts)

   [ring of protection from fire]

   It protects you from fire.
   It insulates you from electricity.
 R - an uncursed ring of poison resistance
 S - a +3 ring of slaying
Wands
 X - a wand of digging (7/24)
Scrolls
 l - 4 scrolls of blinking
 s - 6 scrolls of fear
 w - a scroll of teleportation
 D - 3 scrolls of identify
 L - a scroll of holy word
 N - 2 scrolls of remove curse
 T - 3 scrolls of magic mapping
 V - 5 scrolls of recharging
 W - 4 scrolls of fog
 Z - a scroll of summoning
Potions
 b - 2 potions of invisibility
 i - 5 potions of might
 j - 4 potions of brilliance
 k - 4 potions of agility
 q - a potion of heal wounds
 r - 3 potions of magic
 z - a potion of cancellation
 E - 3 potions of ambrosia
 F - a potion of resistance
 H - 4 potions of curing
 I - a potion of haste
 O - 3 potions of berserk rage
 Y - a potion of flight
Comestibles
 c - 15 bread rations
 d - 10 royal jellies
 o - 22 meat rations
 B - 16 fruits
 M - a chunk of flesh


   Skills:
 + Level 18.3 Fighting
 + Level 19.9 Axes
 + Level 3.0 Throwing
 * Level 22.7 Armour
 + Level 10.3 Dodging
 + Level 24.5 Shields
 * Level 18.4 Invocations


You had 22 spell levels left.
You didn't know any spells.

Dungeon Overview and Level Annotations

Branches:
Dungeon (15/15)            Temple (0/1) D:6            Lair (6/6) D:9
 Shoals (4/4) Lair:4       Spider (4/4) Lair:4        Slime (0/5) Lair:5
    Orc (2/2) D:10            Elf (3/3) Orc:2        Vaults (5/5) D:13
  Crypt (0/3) Vaults:2     Depths (0/5) D:15

Altars:
Elyvilon
Fedhas
Gozag
Nemelex Xobeh
Okawaru
Qazlal
Ru
Uskayaw
Vehumet
Yredelemnul
Zin
The Shining One
Beogh

Shops:
D:8 (   D:11 :   D:12 [   Orc:2 [(*(   Vaults:2 (   Vaults:4 [

Annotations:
Shoals:3 Polyphemus
Spider:1 corrupted
Vaults:5 corrupted, nataq's ghost, adept DsFi
Abyss:1 Urug


Innate Abilities, Weirdness & Mutations

You reflexively headbutt those who attack you in melee.
You have a pair of horns on your head.
You have a beak for a mouth.
You are partially covered in rugged brown scales. (AC +1, +3% HP)
You are partially covered in slimy green scales. (AC +2)
You are partially covered in yellow scales. (AC +2)
You can translocate small distances at will.
You possess an exceptional clarity of mind.
You are clumsy. (Dex -2)
Your flesh is cold resistant. (rC+)
You are resistant to hostile enchantments. (MR+)
You expend magic power (3 MP) to strengthen your wands.


Message History

You hit the ancient lich. Your headbutt misses the ancient lich.
The ancient lich is severely damaged.
You hit the war gargoyle but do no damage.
The ancient lich touches you but does no damage.
The war gargoyle hits you but does no damage.
Unknown command.
You completely miss the ancient lich. Your headbutt misses the ancient lich.
The ancient lich is severely damaged.
You hit the war gargoyle but do no damage.
The ancient lich gestures at you while chanting.
The crystal spear hits you!
* * * LOW HITPOINT WARNING * * *
You block the war gargoyle's attack.
You hit the ancient lich but do no damage.
You peck the ancient lich, but do no damage.
The ancient lich is severely damaged.
You barely miss the war gargoyle. The ancient lich casts a spell at you.
The crystal spear hits you!
You die...

..#.....................#
..#...............(.....#
..'......<..............#
..#..................>..#########
###......#############.)#........
#......#...........#()#........
#......#.∩.........#(.#.8++++8.
#......#....[)))...#()###....##
#......#.....)@)...#)(')8/'''8.
#......#....[9L)...#..#........
#......#...)...[...#..#((......
###......###'#####[[##..##(######
.......................(((.......
.........................(.(.....
.....#################..#####'###
.....# #..# #...... .....# ####
#..# #......


You could see an ancient lich and a war gargoyle.

Vanquished Creatures
  Sojobo (Vaults:3)
  Bai Suzhen (Vaults:3)
  Saint Roka (Vaults:3)
  Nikola (Spider:4)
  2 bone dragons
  Jorgrun (Shoals:4)
  A deep elf blademaster (Elf:2)
  Asterion (Spider:1)
  A deep elf master archer (Elf:3)
  2 krakens (Shoals:4)
  4 tentacled starspawn
  Agnes (Elf:1)
  A sphinx (Vaults:3)
  A storm dragon (Vaults:3)
  Roxanne (Spider:3)
  2 tengu reavers (Vaults:3)
  Donald (Spider:3)
  A draconian monk (Abyss:2)
  Ilsuiw (Shoals:4)
  10 deep elf sorcerers
  3 fire giants
  An angel (Elf:2)
  4 frost giants
  13 vault wardens
  5 emperor scorpions
  2 imperial myrmidons (Desolation)
  6 ghost moths
  4 deep elf elementalists
  8 very ugly things
  A stone giant (Vaults:2)
  5 entropy weavers
  14 ironheart preservers
  2 deep elf annihilators
  A halazid warlock (Desolation)
  A lorocyproca (Abyss:2)
  3 deep elf demonologists
  A spark wasp (Spider:3)
  10 deep elf death magi
  Snorg (Lair:4)
  A blizzard demon (Abyss:1)
  An ettin (shapeshifter) (Vaults:4)
  A fire dragon (Vaults:1)
  A merfolk javelineer (Shoals:1)
  4 ettins
  A crystal guardian (Vaults:3)
  A minotaur (Lab)
  7 deep elf high priests
  9 merfolk impalers
  5 servants of whispers (Desolation)
  35 vault guards
  Fannar (Lair:2)
  10 yaktaur captains
  A hydra (Lair:1)
  4 ice dragons
  2 great orbs of eyes
  2 rakshasas
  2 catoblepae
  4 ragged hierophants (Desolation)
  3 peacekeepers (Desolation)
  An alligator snapping turtle (Shoals:4)
  2 merfolk aquamancers
  An anaconda (Vaults:1)
  3 death knights
  8 centaur warriors
  26 two-headed ogres
  3 merfolk avatars
  Erica (D:11)
  10 ogre magi
  The ghost of dtsj89 the Protected, a journeyman GrFi of Okawaru (D:10)
  26 dancing weapons
  6 death yaks
  3 orc high priests (Orc:2)
  6 thrashing horrors
  25 deep elf knights
  Sonja (D:14)
  2 wretched stars
  A fire crab (shapeshifter) (Vaults:4)
  2 shadow wraiths (Vaults:4)
  10 sea snakes
  A skeletal warrior (Vaults:4)
  2 unseen horrors
  4 wizards
  A deep troll (Vaults:4)
  3 flayed ghosts
  2 unseen horrors (shapeshifter)
  A glowing orange brain (Vaults:2)
  19 deep elf archers
  28 harpies
  3 necromancers
  22 ironbrand convokers
  21 ugly things
  35 orc knights
  3 phantasmal warriors (Vaults:4)
  14 orb spiders
  An oklob plant (Lair:4)
  27 wolf spiders
  8 orc sorcerers
  104 deep elf magi
  A moth of wrath (Spider:4)
  10 manticores
  6 fauns
  A cyclops (shapeshifter) (Vaults:4)
  8 cyclopes
  A moth of wrath (shapeshifter) (Vaults:4)
  2 worldbinders
  7 merfolk sirens
  3 guardian serpents (Desolation)
  4 black mambas
  3 centaur zombies
  17 vault sentinels
  A naga mage (D:15)
  4 water nymphs
  5 torpor snails
  An orange demon (Abyss:2)
  3 smoke demons
  A water nymph (shapeshifter) (Vaults:1)
  An ice statue (IceCv)
  30 spiny frogs
  7 freezing wraiths
  2 rime drakes (Lair:3)
  An ice devil (Abyss:1)
  3 efreet
  13 demonic crawlers
  8 komodo dragons
  39 yaktaurs
  29 merfolk
  8 trolls
  2 meliai (shapeshifter)
  35 jumping spiders
  A jumping spider (shapeshifter) (D:12)
  36 saltlings (Desolation)
  7 wind drakes
  2 ancient zymes
  16 polar bears
  Grinder (D:5)
  6 hornets
  2 raiju (shapeshifter)
  4 tyrant leeches (Lair:6)
  6 raiju
  Prince Ribbit (D:7)
  A hippogriff (shapeshifter) (Vaults:2)
  30 blink frogs
  10 snapping turtles
  14 slime creatures
  10 hippogriffs
  7 dream sheep
  An ettin skeleton (Abyss:2)
  A frost giant simulacrum (Abyss:2)
  Sigmund (D:5)
  5 air elementals
  8 large abominations
  15 water elementals
  71 redbacks
  6 wraiths
  A centaur simulacrum (D:13)
  3 flying skulls (Abyss:2)
  38 tarantellas
  2 shadows
  2 ynoxinuls
  A wyvern (Lair:2)
  2 fire bats (Abyss:1)
  A hog (shapeshifter) (D:15)
  A chaos spawn (Abyss:2)
  A neqoxec (Abyss:2)
  62 yaks
  3 fire elementals
  20 humans (D:13)
  4 basilisks
  3 golden eyes (Abyss:1)
  8 vampire mosquitoes
  3 hungry ghosts
  5 acid dragons
  2 soldier ants (D:13)
  3 wargs
  14 porcupines
  19 water moccasins
  2 soldier ants (shapeshifter)
  55 orc warriors
  2 ice beasts
  9 sky beasts
  A black bear (D:6)
  2 necrophages
  15 wolves (IceCv)
  3 boggarts
  3 phantoms
  An eye of draining (D:13)
  32 ogres
  13 centaurs
  18 crocodiles
  12 big kobolds
  32 bullfrogs
  4 earth elementals
  2 gnoll sergeants
  11 small abominations
  2 scorpions
  A wyvern skeleton (D:10)
  8 killer bees
  4 wights (D:11)
  5 electric eels
  3 howler monkeys
  12 crimson imps
  5 starcursed masses (Abyss:2)
  5 jellies
  2 quasits (Abyss:2)
  6 hounds
  23 orc priests
  36 orc wizards
  An iron imp (Abyss:1)
  6 centaur skeletons
  3 bullfrog skeletons
  5 iguanas
  2 lightning spires (Abyss:3)
  8 worker ants
  A hound zombie (D:9)
  2 hound skeletons (D:4)
  A howler monkey zombie (D:10)
  2 worker ant zombies
  25 gnolls
  25 adders
  2 shadow imps (D:10)
  2 white imps
  3 ufetubi
  5 oozes (D:8)
  3 adder skeletons
  A worm (D:2)
  2 dart slugs (D:1)
  3 leopard geckos
  108 orcs
  7 bats
  6 giant cockroaches
  11 goblins
  21 hobgoblins
  6 jackals
  2 quokkas
  A ball python (D:1)
  5 frilled lizards
  A jackal skeleton (D:6)
  A jackal zombie (D:9)
  41 kobolds
  A quokka skeleton (D:6)
  7 rats
  A butterfly (Lair:1)
  3 fungi
  10 plants
  4 starspawn tentacles
  2 tentacles (Shoals:4)
2037 creatures vanquished.

Vanquished Creatures (others)
  A deep elf master archer (Elf:3)
  A vault warden (Vaults:5)
  An angel (Elf:2)
  3 entropy weavers (Spider:1)
  A deep elf annihilator (Elf:3)
  A halazid warlock (Desolation)
  A deep elf demonologist (Elf:3)
  4 merfolk javelineers (Shoals:4)
  A deep elf death mage (Elf:3)
  2 merfolk impalers (Shoals:4)
  A ragged hierophant (Desolation)
  2 yaktaur captains
  A deep elf high priest (Elf:3)
  A centaur warrior (D:15)
  A merfolk aquamancer (Shoals:4)
  3 two-headed ogres
  8 hydras
  A satyr (Shoals:4)
  4 deep elf archers (Elf:3)
  A wizard (Vaults:1)
  An ironbrand convoker (Vaults:2)
  An ugly thing (Vaults:1)
  An oklob plant (Lair:4)
  A deep elf mage (Elf:3)
  5 orb spiders
  2 manticores
  2 cyclopes
  A faun (Shoals:1)
  12 yaktaurs
  3 jumping spiders (Spider:1)
  A merfolk (Shoals:4)
  A hornet (Spider:1)
  3 redbacks (Spider:1)
  2 tarantellas (Spider:1)
  A warg (Vaults:4)
  An ogre (Vaults:4)
  2 boggarts (Vaults:1)
  5 centaurs
  A wolf (IceCv)
  An orc (Vaults:1)
  8 fungi
  52 plants
  14 starspawn tentacles
  14 tentacles (Shoals:4)
174 creatures vanquished.

Grand Total: 2211 creatures vanquished

Notes
Turn   | Place    | Note
-------+----------+-------------------------------------------
     0 | Abyss:1  | Gargoyl the Minotaur Abyssal Knight began the quest for the Orb.
     0 | Abyss:1  | Reached XP level 1. HP: 19/19 MP: 1/1
    58 | Abyss:1  | Noticed a deep elf elementalist
    66 | Abyss:1  | Noticed an insubstantial wisp
    73 | Abyss:1  | Noticed an earth elemental
    76 | D:1      | Escaped the Abyss
    82 | D:1      | Gained mutation: You are resistant to hostile enchantments. (MR+) [potion of mutation]
    82 | D:1      | Gained mutation: Your mind is acute. (Int +2) [potion of mutation]
    82 | D:1      | Gained mutation: Your spells are a little harder to cast, but a little more powerful. [potion of mutation]
   424 | D:1      | Reached XP level 2. HP: 27/27 MP: 2/2
   935 | D:1      | Reached * piety under Lugonu
   950 | D:1      | Reached XP level 3. HP: 34/34 MP: 3/3
  1704 | D:2      | Found a sacrificial altar of Ru.
  1731 | D:2      | Reached XP level 4. HP: 40/41 MP: 4/4
  2704 | D:3      | Lost mutation: Your spells are a little harder to cast, but a little more powerful. [potion of mutation]
  2704 | D:3      | Lost mutation: You are resistant to hostile enchantments. (MR+) [potion of mutation]
  2704 | D:3      | Lost mutation: Your mind is acute. (Int +2) [potion of mutation]
  2704 | D:3      | Gained mutation: Your mind is acute. (Int +2) [potion of mutation]
  2704 | D:3      | Gained mutation: You are weak. (Str -2) [potion of mutation]
  2704 | D:3      | Gained mutation: You are resistant to hostile enchantments. (MR+) [potion of mutation]
  2704 | D:3      | Gained mutation: You have sharp toenails. [potion of mutation]
  2751 | D:3      | Reached XP level 5. HP: 47/47 MP: 5/5
  2798 | D:3      | Reached ** piety under Lugonu
  3784 | D:3      | Noticed an ogre
  3797 | D:3      | Killed an ogre
  3797 | D:3      | Reached skill level 5 in Axes
  3797 | D:3      | Reached XP level 6. HP: 43/53 MP: 7/7
  4802 | D:4      | Reached skill level 5 in Armour
  5016 | D:4      | Reached XP level 7. HP: 52/60 MP: 8/8
  5047 | D:4      | Reached skill level 5 in Fighting
  5869 | D:5      | Entered Level 5 of the Dungeon
  5875 | D:5      | Found a sparkling altar of Nemelex Xobeh.
  5950 | D:5      | Noticed Sigmund
  5963 | D:5      | Killed Sigmund
  6140 | D:5      | Noticed Grinder
  6148 | D:5      | Killed Grinder
  6148 | D:5      | Reached XP level 8. HP: 68/69 MP: 10/10
  6235 | D:5      | Found a basalt altar of Yredelemnul.
  6251 | D:5      | Reached *** piety under Lugonu
  6251 | D:5      | Reached skill level 1 in Throwing
  6252 | D:5      | Found a blossoming altar of Fedhas.
  6458 | D:6      | Gained mutation: You are partially covered in large bone plates. (SH +4) [mutagenic meat]
  6459 | D:6      | Gained mutation: Scrolls take you a little longer to read. [mutagenic meat]
  6460 | D:6      | Gained mutation: You have very sharp teeth. [mutagenic meat]
  6535 | D:6      | Noticed a hippogriff
  6542 | D:6      | Killed a hippogriff
  6600 | D:6      | Reached XP level 9. HP: 49/74 MP: 11/11
  6722 | D:6      | Found a staircase to the Ecumenical Temple.
  6919 | D:6      | Found a radiant altar of Vehumet.
  6922 | D:6      | Found a hide-covered altar of Uskayaw.
  7082 | D:7      | Reached skill level 5 in Invocations
  7153 | D:7      | Noticed Prince Ribbit
  7164 | D:7      | Killed Prince Ribbit
  7398 | D:7      | Identified Adoogri's Handbook of Excruciating Transmutation
  7766 | D:8      | Noticed a two-headed ogre
  7779 | D:8      | Banished a two-headed ogre
  7779 | D:8      | Reached skill level 10 in Axes
  7779 | D:8      | Reached skill level 10 in Armour
  7967 | D:8      | Reached **** piety under Lugonu
  7975 | D:8      | Found a flagged portal.
  7982 | Bailey   | Entered a bailey
  7991 | Bailey   | Lost mutation: You have sharp toenails. [potion of mutation]
  7991 | Bailey   | Lost mutation: You are resistant to hostile enchantments. (MR+) [potion of mutation]
  7991 | Bailey   | Lost mutation: Scrolls take you a little longer to read. [potion of mutation]
  7991 | Bailey   | Lost mutation: You are weak. (Str -2) [potion of mutation]
  7991 | Bailey   | Lost mutation: Your mind is acute. (Int +2) [potion of mutation]
  7991 | Bailey   | Gained mutation: You are resistant to electric shocks. (rElec) [potion of mutation]
  7991 | Bailey   | Gained mutation: You are partially covered in thin metallic scales. (AC +2) [potion of mutation]
  7991 | Bailey   | Gained mutation: You are mostly covered in large bone plates. (SH +6) [potion of mutation]
  8109 | Bailey   | Reached XP level 10. HP: 60/85 MP: 13/13
  8205 | Bailey   | Noticed an orc knight
  8218 | Bailey   | Killed an orc knight
  8240 | Bailey   | Lost mutation: You are mostly covered in large bone plates. (SH +6) [potion of mutation]
  8240 | Bailey   | Lost mutation: You are resistant to electric shocks. (rElec) [potion of mutation]
  8240 | Bailey   | Lost mutation: You are partially covered in large bone plates. (SH +4) [potion of mutation]
  8240 | Bailey   | Lost mutation: You have very sharp teeth. [potion of mutation]
  8240 | Bailey   | Gained mutation: You are clumsy. (Dex -2) [potion of mutation]
  8240 | Bailey   | Gained mutation: You possess an exceptional clarity of mind. [potion of mutation]
  8240 | Bailey   | Gained mutation: Your muscles are strong. (Str +2) [potion of mutation]
  8241 | Bailey   | Lost mutation: Your muscles are strong. (Str +2) [potion of mutation]
  8241 | Bailey   | Lost mutation: You possess an exceptional clarity of mind. [potion of mutation]
  8241 | Bailey   | Gained mutation: Your body sometimes deteriorates upon taking damage. [potion of mutation]
  8241 | Bailey   | Gained mutation: You are partially covered in large bone plates. (SH +4) [potion of mutation]
  8241 | Bailey   | Lost mutation: Your body sometimes deteriorates upon taking damage. [potion of mutation]
  8241 | Bailey   | Gained mutation: You are robust. (+10% HP) [potion of mutation]
  8242 | Bailey   | Lost mutation: You are robust. (+10% HP) [potion of mutation]
  8242 | Bailey   | Lost mutation: You are partially covered in thin metallic scales. (AC +2) [potion of mutation]
  8242 | Bailey   | Lost mutation: You are clumsy. (Dex -2) [potion of mutation]
  8242 | Bailey   | Lost mutation: You are partially covered in large bone plates. (SH +4) [potion of mutation]
  8242 | Bailey   | Gained mutation: Scrolls take you a little longer to read. [potion of mutation]
  8242 | Bailey   | Gained mutation: You are weak. (Str -2) [potion of mutation]
  8242 | Bailey   | Gained mutation: Your system is resistant to poisons. (rPois) [potion of mutation]
  8242 | Bailey   | Gained mutation: You are somewhat resistant to further mutation. [potion of mutation]
  8976 | D:8      | Reached ***** piety under Lugonu
  9065 | D:8      | Gained mutation: You are frail. (-10% HP) [mutagenic meat]
  9222 | D:8      | Found Tynner's Weapon Boutique.
  9316 | D:8      | Found an opulent altar of Gozag.
 10602 | D:9      | Reached XP level 11. HP: 83/83 MP: 15/15
 10679 | D:9      | Found a staircase to the Lair.
 11130 | D:9      | Found an iron altar of Okawaru.
 11265 | Lair:1   | Entered Level 1 of the Lair of Beasts
 13412 | Lair:2   | Noticed an eight-headed hydra
 13414 | Lair:2   | Banished an eight-headed hydra
 14116 | Lair:2   | Noticed Fannar
 14144 | Lair:2   | Killed Fannar
 14594 | Lair:3   | Reached XP level 12. HP: 56/93 MP: 16/16
 15954 | Lair:3   | Noticed a five-headed hydra
 15957 | Lair:3   | Banished a five-headed hydra
 16284 | Lair:4   | Noticed Snorg
 16300 | Lair:4   | Reached skill level 10 in Fighting
 16328 | Lair:4   | Killed Snorg
 16539 | Lair:4   | Found a radiant altar of Vehumet.
 16706 | Lair:4   | Found a hole to the Spider Nest.
 17610 | Lair:4   | Noticed a seven-headed hydra
 17613 | Lair:4   | Banished a seven-headed hydra
 17613 | Lair:4   | Reached skill level 1 in Shields
 17737 | Lair:4   | Found a staircase to the Shoals.
 18382 | Lair:4   | Reached skill level 2 in Shields
 18852 | Lair:5   | Reached skill level 10 in Invocations
 18910 | Lair:5   | Found a staircase to the Slime Pits.
 19039 | Lair:5   | Reached XP level 13. HP: 98/102 MP: 19/19
 19110 | Lair:5   | Reached skill level 15 in Armour
 19110 | Lair:5   | Reached skill level 3 in Shields
 19110 | Lair:5   | Reached XP level 14. HP: 109/109 MP: 20/20
 19259 | Lair:5   | Found a frozen archway.
 19272 | IceCv    | Entered an ice cave
 19750 | IceCv    | Reached skill level 4 in Shields
 20299 | IceCv    | Reached skill level 5 in Shields
 20523 | IceCv    | Noticed a frost giant
 20559 | IceCv    | Killed a frost giant
 20559 | IceCv    | Reached skill level 6 in Shields
 21719 | Lair:6   | Entered Level 6 of the Lair of Beasts
 21737 | Lair:5   | Reached skill level 5 in Dodging
 22074 | Lair:6   | Reached skill level 7 in Shields
 22107 | Lair:5   | Reached ****** piety under Lugonu
 22825 | Lair:6   | Reached skill level 8 in Shields
 23443 | Lair:6   | Identified the Disquisition on Heat
 23448 | Lair:6   | Got a bound platinum ring
 23520 | Lair:6   | Identified the ring "Hoejaex" {rElec rF+} (You found it on level 6 of the Lair of Beasts)
 23918 | D:9      | Reached XP level 15. HP: 118/118 MP: 22/22
 23995 | D:10     | Entered Level 10 of the Dungeon
 24015 | D:10     | Reached skill level 9 in Shields
 24028 | D:10     | Gained mutation: You are partially covered in molten scales. (AC +2) [mutagenic meat]
 24035 | D:10     | Gained mutation: You tend to lose your temper in combat. [mutagenic meat]
 24114 | D:10     | Found a staircase to the Orcish Mines.
 24147 | D:10     | Lost mutation: You are frail. (-10% HP) [mutagenic meat]
 24148 | D:10     | Gained mutation: You have a beak for a mouth. [mutagenic meat]
 24149 | D:10     | Lost mutation: You tend to lose your temper in combat. [mutagenic meat]
 24151 | D:10     | Noticed dtsj89's ghost (journeyman GrFi)
 24172 | D:10     | Killed dtsj89's ghost
 24788 | D:11     | Noticed Urug
 24809 | D:11     | Banished Urug
 25215 | D:11     | Noticed Erica
 25221 | D:11     | Killed Erica
 25328 | D:11     | Reached skill level 15 in Axes
 25760 | D:11     | Found Kiawu's Book Emporium.
 26039 | D:12     | Gained mutation: Your magical capacity is low. (-10% MP) [mutagenic meat]
 26077 | D:12     | Gained mutation: Potions are less effective at restoring your health. [mutagenic meat]
 26078 | D:12     | Lost mutation: You are somewhat resistant to further mutation. [mutagenic meat]
 26102 | D:12     | Gained mutation: Your spells are a little harder to cast, but a little more powerful. [mutagenic meat]
 26104 | D:12     | Gained mutation: You are very weak. (Str -4) [mutagenic meat]
 26392 | D:12     | Found Darritt's Antique Armour Emporium.
 26446 | D:12     | Reached skill level 10 in Shields
 27327 | D:13     | Found a gate to the Vaults.
 28107 | D:14     | Found a stormy altar of Qazlal.
 28135 | D:14     | Reached skill level 11 in Shields
 28304 | D:14     | Lost mutation: You have a beak for a mouth. [mutagenic meat]
 28305 | D:14     | Lost mutation: Your magical capacity is low. (-10% MP) [mutagenic meat]
 28306 | D:14     | Gained mutation: You have a beak for a mouth. [mutagenic meat]
 28307 | D:14     | Lost mutation: You are partially covered in molten scales. (AC +2) [mutagenic meat]
 28308 | D:14     | Lost mutation: You are very weak. (Str -4) [mutagenic meat]
 28946 | D:14     | Gained mutation: You are agile. (Dex +2) [mutagenic meat]
 28947 | D:14     | Gained mutation: Your spells are harder to cast, but more powerful. [mutagenic meat]
 28948 | D:14     | Lost mutation: You are agile. (Dex +2) [mutagenic meat]
 28952 | D:14     | Gained mutation: Your mind is acute. (Int +2) [mutagenic meat]
 28975 | D:14     | Noticed Sonja
 29241 | D:14     | Killed Sonja
 29265 | D:15     | Entered Level 15 of the Dungeon
 29306 | D:15     | Found a labyrinth entrance.
 29315 | Lab      | Entered a labyrinth
 29735 | Lab      | Got an ancient chain mail
 29735 | Lab      | Got a transparent large shield
 29739 | Lab      | Identified the +0 chain mail "Valain" {rC+ rN+ Str+3 Int-3} (You found it in a labyrinth)
 29741 | Lab      | Identified the cursed +0 large shield of Hysteria {Str+6} (You found it in a labyrinth)
 29967 | D:15     | Reached XP level 16. HP: 143/143 MP: 24/24
 30183 | D:15     | Paralysed by an orc sorcerer for 4 turns
 30303 | D:15     | Found a staircase to the Depths.
 30822 | Orc:1    | Entered Level 1 of the Orcish Mines
 31132 | Orc:1    | Reached skill level 12 in Shields
 31562 | Orc:2    | Entered Level 2 of the Orcish Mines
 31852 | Orc:2    | Found a staircase to the Elven Halls.
 33060 | Orc:2    | Found Goxeam's Weapon Boutique.
 33060 | Orc:2    | Found Fimoq's Armour Shoppe.
 33062 | Orc:2    | Found Cividghia's Weapon Boutique.
 33062 | Orc:2    | Found Azoor's General Store.
 33331 | Elf:1    | Entered Level 1 of the Elven Halls
 33735 | Elf:1    | Reached skill level 13 in Shields
 33746 | Elf:1    | Identified Vehumet's Guide on Attacks
 33879 | Elf:1    | Noticed Agnes
 33894 | Elf:1    | Killed Agnes
 34442 | Elf:1    | Lost mutation: Scrolls take you a little longer to read. [potion of mutation]
 34442 | Elf:1    | Lost mutation: Your spells are harder to cast, but more powerful. [potion of mutation]
 34442 | Elf:1    | Lost mutation: Your system is resistant to poisons. (rPois) [potion of mutation]
 34442 | Elf:1    | Lost mutation: You are weak. (Str -2) [potion of mutation]
 34442 | Elf:1    | Lost mutation: Your spells are a little harder to cast, but a little more powerful. [potion of mutation]
 34442 | Elf:1    | Lost mutation: Your mind is acute. (Int +2) [potion of mutation]
 34442 | Elf:1    | Gained mutation: You are dopey. (Int -2) [potion of mutation]
 34442 | Elf:1    | Lost mutation: You are dopey. (Int -2) [potion of mutation]
 34442 | Elf:1    | Gained mutation: You are robust. (+10% HP) [potion of mutation]
 34442 | Elf:1    | Gained mutation: You are partially covered in slimy green scales. (AC +2) [potion of mutation]
 34443 | Elf:1    | Lost mutation: Potions are less effective at restoring your health. [potion of mutation]
 34443 | Elf:1    | Gained mutation: Scrolls take you a little longer to read. [potion of mutation]
 34443 | Elf:1    | Gained mutation: You are resistant to hostile enchantments. (MR+) [potion of mutation]
 34443 | Elf:1    | Gained mutation: Your flesh is cold resistant. (rC+) [potion of mutation]
 35201 | Elf:2    | Found a magical portal.
 35206 | WizLab   | Entered Doroklohe's Tomb
 35547 | Elf:2    | Found a ruined gateway.
 35551 | Elf:2    | Found a white marble altar of Elyvilon.
 35551 | Elf:2    | Found a glowing silver altar of Zin.
 35551 | Elf:2    | Found a glowing golden altar of the Shining One.
 35610 | Elf:2    | Reached XP level 17. HP: 100/166 MP: 26/26
 35650 | Desolati | Entered the Desolation of Salt
 36636 | Desolati | Identified the Reference Book on Supportive Lightness
 36641 | Desolati | Identified the Volume of Cold and Fascination
 36672 | Desolati | Reached skill level 14 in Shields
 37010 | Desolati | Gained mutation: You are clumsy. (Dex -2) [mutagenic meat]
 37011 | Desolati | Lost mutation: You are robust. (+10% HP) [mutagenic meat]
 37012 | Desolati | Gained mutation: You are dopey. (Int -2) [mutagenic meat]
 37013 | Desolati | Gained mutation: You can translocate small distances at will. [mutagenic meat]
 37073 | Desolati | Gained mutation: You are partially covered in yellow scales. (AC +2) [mutagenic meat]
 37179 | Abyss:1  | HP: 2/152 [poisoned by a guardian serpent (bolt of poison)]
 37425 | Abyss:1  | Paralysed by accursed screaming for 1 turns
 37628 | Abyss:1  | Found a corrupted altar of Lugonu.
 37762 | Abyss:1  | HP: 5/123 [large abomination (14)]
 37764 | Desolati | Escaped the Abyss
 38478 | Desolati | Got a wavering ruby amulet
 38545 | Desolati | Identified the amulet "Mogiabra" {RegenMP Fragile Str+6 Dex+2} (You found it in the Desolation of Salt)
 38681 | Elf:2    | Found a runed gate.
 38687 | Elf:2    | Found a runed gate.
 38687 | Elf:2    | Found a runed gate.
 39035 | Elf:2    | Reached skill level 15 in Shields
 40108 | Elf:3    | Entered Level 3 of the Elven Halls
 40128 | Elf:3    | Reached XP level 18. HP: 121/161 MP: 27/27
 41072 | Elf:3    | Cast into level 2 of the Abyss (a deep elf sorcerer)
 41132 | Abyss:2  | Paralysed by accursed screaming for 1 turns
 41208 | Abyss:2  | Noticed a bone dragon
 41235 | Abyss:2  | Killed a bone dragon
 41312 | Abyss:3  | Found a corrupted altar of Lugonu.
 41375 | Abyss:3  | Reached skill level 16 in Shields
 41434 | Elf:3    | Escaped the Abyss
 42005 | Elf:3    | Reached skill level 15 in Fighting
 42025 | Elf:3    | HP: 5/163 [acid (9)]
 42655 | Elf:2    | Cast into level 3 of the Abyss (a deep elf sorcerer)
 42664 | Elf:2    | Escaped the Abyss
 43349 | Elf:3    | Noticed an Ice Fiend
 43568 | Elf:3    | Noticed a Hell Sentinel
 44013 | Elf:3    | Reached skill level 17 in Shields
 44051 | Elf:3    | Reached skill level 15 in Invocations
 44170 | Elf:3    | Cast into level 2 of the Abyss (a deep elf demonologist)
 44170 | Abyss:2  | Found a corrupted altar of Lugonu.
 44299 | Elf:3    | Escaped the Abyss
 44784 | Elf:3    | Reached XP level 19. HP: 170/170 MP: 29/29
 45195 | Elf:3    | Cast into level 2 of the Abyss (a deep elf sorcerer)
 45217 | Elf:3    | Escaped the Abyss
 45220 | Elf:3    | HP: 7/170 [deep elf sorcerer/damnation (39)]
 46060 | Elf:3    | Got a pitted sapphire amulet
 46072 | Elf:3    | Got a slimy bronze ring
 46506 | Elf:3    | Got a clouded tin ring
 46649 | Elf:3    | Got a smoking cloak
 46660 | Elf:3    | Identified the +2 cloak of the Elven Halls {rPois rCorr Slay+3} (You found it on level 3 of the Elven Halls)
 46714 | Elf:3    | Identified Berosejau's Handbook of Boosts and the Arsonist
 47023 | Orc:2    | Identified the ring "Ficvog" {rCorr rC- MR+ Str+4} (You took it off a deep elf sorcerer on level 3 of the Elven Halls)
 47025 | Orc:2    | Identified the amulet "Pailix" {Reflect rPois rC++ Dex+3 SH+3} (You found it on level 3 of the Elven Halls)
 47028 | Orc:2    | Identified the ring of Efithuom {*Drain +Fly rPois Str+7} (You found it on level 3 of the Elven Halls)
 47275 | Spider:1 | Entered Level 1 of the Spider Nest
 47295 | Spider:1 | Noticed Asterion
 47395 | Spider:1 | Lost mutation: Scrolls take you a little longer to read. [mutagenic meat]
 47396 | Spider:1 | Gained mutation: You are partially covered in rugged brown scales. (AC +1, +3% HP) [mutagenic meat]
 47398 | Spider:1 | Gained mutation: You possess an exceptional clarity of mind. [mutagenic meat]
 47399 | Spider:1 | Lost mutation: You are dopey. (Int -2) [mutagenic meat]
 47771 | Spider:1 | Reached skill level 18 in Shields
 47852 | Spider:1 | Killed Asterion
 47914 | Spider:1 | Corrupted Spider:1
 49690 | Spider:3 | Got a glittering wooden ring
 49701 | Spider:2 | Identified the ring of Agazoim {*Tele Dex+4} (You found it on level 3 of the Spider Nest)
 49975 | Spider:3 | Noticed Roxanne
 50192 | Spider:3 | Killed Roxanne
 50195 | Spider:3 | Identified Roxanne's Compendium of Clay (You took it off Roxanne on level 3 of the Spider Nest)
 50622 | Spider:3 | Noticed Donald
 50637 | Spider:3 | Killed Donald
 50690 | Spider:3 | Reached skill level 19 in Shields
 50848 | Spider:4 | Entered Level 4 of the Spider Nest
 50942 | Spider:4 | Noticed Nikola
 50984 | Spider:4 | Killed Nikola
 51247 | Spider:4 | Reached XP level 20. HP: 157/185 MP: 0/30
 52106 | Spider:4 | Reached skill level 20 in Shields
 52519 | Spider:4 | Got a gossamer rune of Zot
 53170 | Vaults:1 | Entered Level 1 of the Vaults
 53553 | D:13     | Reached skill level 21 in Shields
 54227 | Vaults:1 | Found a roughly hewn altar of Beogh.
 55253 | Vaults:2 | Reached XP level 21. HP: 194/194 MP: 32/32
 55812 | Vaults:2 | Found Xian's Weapon Emporium.
 56062 | Vaults:2 | Reached skill level 22 in Shields
 56390 | Vaults:2 | Found a staircase to the Crypt.
 56494 | Vaults:3 | Noticed Saint Roka
 56513 | Vaults:3 | Killed Saint Roka
 56897 | Vaults:3 | Noticed Bai Suzhen
 56929 | Vaults:3 | Killed Bai Suzhen
 57169 | Vaults:3 | Noticed Sojobo
 58187 | Vaults:3 | Killed Sojobo
 58789 | Vaults:4 | Reached skill level 23 in Shields
 58840 | Vaults:4 | Reached XP level 22. HP: 177/206 MP: 33/33
 59471 | Vaults:4 | Found Uvele's Antique Armour Boutique.
 60437 | Vaults:5 | Entered Level 5 of the Vaults
 60438 | Vaults:5 | Corrupted Vaults:5
 60850 | Shoals:1 | Entered Level 1 of the Shoals
 61267 | Shoals:1 | Reached skill level 10 in Dodging
 62026 | Shoals:3 | Cast into level 3 of the Abyss (merfolk impaler)
 62026 | Abyss:3  | Found a corrupted altar of Lugonu.
 62064 | Abyss:3  | Got an abyssal rune of Zot
 62065 | Shoals:3 | Escaped the Abyss
 62072 | Shoals:3 | Noticed Polyphemus
 62997 | Shoals:4 | Entered Level 4 of the Shoals
 63324 | Shoals:4 | Reached skill level 24 in Shields
 63822 | Shoals:4 | Noticed Ilsuiw
 63827 | Shoals:4 | Noticed Jorgrun
 63856 | Shoals:4 | Killed Jorgrun
 63923 | Shoals:4 | HP: 8/207 [tentacle[a kraken] (5)]
 64338 | Shoals:4 | Got a steaming diamond amulet
 64399 | Shoals:4 | Killed Ilsuiw
 64468 | Shoals:4 | Reached XP level 23. HP: 215/215 MP: 35/35
 64489 | Shoals:4 | Identified the amulet "Tulo" {Spirit Str-3 Int+2 Stlth+} (You took it off Jorgrun on level 4 of the Shoals)
 64865 | Shoals:4 | Got a barnacled rune of Zot
 66391 | Vaults:5 | Noticed nataq's ghost (adept DsFi)
 66813 | Vaults:5 | Noticed an ancient lich
 66997 | Vaults:5 | Cast into level 2 of the Abyss (a deep elf sorcerer)
 67149 | Abyss:2  | Gained mutation: You expend magic power (3 MP) to strengthen your wands. [a neqoxec]
 67173 | Abyss:2  | Found a corrupted altar of Lugonu.
 67259 | Vaults:5 | Escaped the Abyss
 67271 | Vaults:4 | Killed from afar by an ancient lich

Skill      XL: |  1  2  3  4  5  6  7  8  9 10 11 12 13 14 15 16 17 18 19 20 21 22 23 |
---------------+----------------------------------------------------------------------+-----
Fighting       | 4 5 6 7 8 9 10 12 13 14 15 16 17 18 | 18.3
Invocations    | 2 3 4 5 6 7 10 11 12 13 14 15 16 17 18 | 18.4
Axes           | 3 4 5 6 7 8 10 11 12 13 14 15 16 17 18 19 | 19.9
Armour         | 3 4 5 6 8 10 12 13 14 15 16 17 18 19 20 21 22 | 22.7
Throwing       | 1 2 3 |  3.0
Dodging        | 2 3 4 5 6 7 8 9 10 | 10.3
Shields        | 2 3 8 11 13 15 17 19 21 23 24 | 24.5

Action                   |  1- 3 |  4- 6 |  7- 9 | 10-12 | 13-15 | 16-18 | 19-21 | 22-24 || total
-------------------------+-------+-------+-------+-------+-------+-------+-------+-------++-------
Melee: Hand axe          |    78 |   208 |   257 |   764 |  1278 |  1581 |  1565 |   997 ||  6728
       Headbutt          |    10 |    19 |    37 |   148 |   273 |   415 |   546 |   325 ||  1773
       Kick              |       |    20 |    59 |       |       |       |       |       ||    79
       Bite              |       |       |    15 |     2 |       |       |       |       ||    17
       Peck              |       |       |       |       |   108 |   392 |   495 |   302 ||  1297
       Broad axe         |       |       |       |       |       |       |    13 |     5 ||    18
Throw: Tomahawk          |       |     4 |     2 |       |       |       |       |       ||     6
       Javelin           |       |       |       |     4 |     1 |     2 |     1 |       ||     8
Invok: Depart the Abyss  |     1 |       |       |       |       |     4 |     1 |     2 ||     8
       Banish            |       |       |     1 |    12 |     8 |     8 |     5 |    14 ||    48
       Bend Space        |       |       |       |     1 |       |     1 |     2 |       ||     4
       Enter the Abyss   |       |       |       |       |       |     1 |       |       ||     1
       Corrupt           |       |       |       |       |       |       |     1 |     1 ||     2
  Use: Scroll            |     5 |     1 |    12 |    18 |    13 |    23 |    11 |    11 ||    94
       Potion            |     1 |     3 |     3 |     7 |     7 |    22 |       |     2 ||    45
 Stab: Petrified         |       |       |       |       |     4 |       |       |       ||     4
       Petrifying        |       |       |       |       |     1 |       |       |       ||     1
       Held in net/web   |       |       |       |       |       |       |     1 |       ||     1
       Distracted        |       |       |       |       |       |       |     1 |       ||     1
  Eat: Chunk             |     2 |    10 |    10 |    36 |    56 |    29 |    35 |    30 ||   208
       Bread ration      |       |       |     1 |       |       |     3 |     4 |     1 ||     9
       Royal jelly       |       |       |       |     8 |     6 |     4 |       |       ||    18
       Meat ration       |       |       |       |       |     1 |     1 |       |       ||     2
Armor: Leather armour    |     5 |       |       |       |       |       |       |       ||     5
       Chain mail        |    48 |     6 |    71 |   404 |   473 |   445 |   517 |   326 ||  2290
       Plate armour      |       |   164 |    96 |       |       |       |       |       ||   260
       Skin              |       |     3 |     9 |       |       |       |       |       ||    12
Dodge: Dodged            |    40 |    63 |    79 |   250 |   300 |   338 |   491 |   351 ||  1912
Block: Other             |       |       |    44 |    30 |       |       |       |       ||    74
       Shield            |       |       |       |    57 |   828 |       |       |       ||   885
       Reflection        |       |       |       |     1 |    37 |   112 |   176 |    98 ||   424
       Large shield      |       |       |       |       |     8 |  1740 |  2110 |  1330 ||  5188
